Map: 2000 Atmospheres LE

Players

GogojOey

  • Race: Zerg Zerg

Has - Winner!

  • Race: Protoss Protoss

VOD

Have the link to the VOD?

Description

Time

  • Played on: Oct. 1, 2021, 7:27 a.m.
  • Length: 13:16
Show
View Real Time Build Order
Export as new Build Order

GogojOey Zerg 

Build Orders: Hatch First 

Get SALT Encoding   

  12  0:00  Drone  
  13  0:12  Overlord  
  13  0:16  Drone  
  14  0:31  Drone x2  
  16  0:43  Drone  
  16  0:45  Drone  
  18  0:54  Hatchery  
  17  0:58  Drone  
  17  0:59  Extractor  
  17  1:13  Spawning Pool  
  17  1:15  Drone  
  17  1:18  Drone  
  18  1:28  Drone  
  19  1:39  Drone  
  20  1:49  Drone  
  21  2:01  Zergling x2  
  22  2:05  Metabolic Boost  
  22  2:06  Queen  
  22  2:07  Queen  
  22  2:08  Zergling x2  
  27  2:11  Overlord  
  27  2:17  Drone  
  28  2:30  Drone x2  
  30  2:37  Drone  
  30  2:39  Drone  
  30  2:42  Hatchery  
  31  2:46  Queen  
  31  2:50  Overlord  
  33  2:55  Zergling x2  
  33  2:57  Zergling x2  
  35  3:00  Drone  
  36  3:08  Drone  
  36  3:11  Drone  
  38  3:15  Drone x3  
  38  3:17  Drone x2  
  43  3:22  Overlord  
  43  3:23  Drone  
  44  3:27  Overlord  
  44  3:36  Overlord  
  44  3:43  Drone x2  
  44  3:45  Drone  
  46  3:50  Queen x2  
  49  3:56  Queen  
  49  3:57  Drone x2, Roach Warren  
  51  4:06  Drone x2, Spore Crawler  
  51  4:07  Spore Crawler  
  51  4:10  Drone x2, Extractor  
  51  4:11  Drone  
  51  4:14  Spore Crawler  
  51  4:16  Drone  
  53  4:21  Overlord  
  53  4:22  Overlord  
  53  4:27  Queen  
  63  4:38  Roach x4  
  63  4:40  Roach  
  63  4:41  Zergling x2  
  63  4:43  Zergling x2  
  63  4:44  Zergling x2  
  68  4:47  Zergling x4  
  68  4:50  Zergling x6  
  72  4:56  Zergling x6  
  75  5:01  Zergling x8  
  75  5:03  Ravager x2  
  75  5:06  Overlord  
  81  5:16  Queen  
  79  5:30  Queen x2  
  79  5:33  Drone x6  
  89  5:40  Overlord  
  89  5:42  Drone x2  
  82  5:52  Zergling x6  
  80  6:01  Drone x3  
  83  6:07  Drone x3  
  86  6:14  Drone x2  
  86  6:15  Drone  
  86  6:16  Queen  
  86  6:18  Drone x2  
  93  6:20  Drone, Queen  
  93  6:22  Lair  
  93  6:23  Extractor  
  93  6:24  Extractor  
  90  6:26  Evolution Chamber  
  90  6:28  Drone x2  
  90  6:32  Overlord  
  85  6:42  Drone x3  
  85  6:45  Drone x2  
  85  6:47  Drone  
  84  6:52  Zerg Missile Weapons Level 1  
  84  6:53  Drone  
  83  6:54  Queen  
  83  6:56  Drone  
  83  6:57  Drone, Roach x6, Extractor x2  
  97  7:05  Roach  
  97  7:06  Queen  
  101  7:09  Roach x2  
  105  7:21  Roach  
  105  7:27  Overlord  
  105  7:28  Hatchery  
  105  7:29  Overlord x2  
  100  7:31  Glial Reconstitution  
  100  7:33  Overlord  
  100  7:35  Drone  
  100  7:36  Overlord  
  101  7:37  Overlord  
  101  7:38  Roach  
  101  7:39  Roach  
  101  7:40  Overlord x2  
  105  7:46  Roach x2  
  105  7:50  Roach x7  
  121  7:54  Roach x4  
  121  7:58  Spine Crawler  
  128  8:00  Drone, Spine Crawler  
  128  8:02  Roach x2  
  134  8:05  Roach  
  134  8:08  Overseer  
  134  8:11  Queen  
  136  8:14  Roach x2  
  136  8:19  Overseer, Roach x6  
  152  8:22  Drone  
  152  8:23  Drone, Hydralisk Den  
  152  8:26  Roach  
  155  8:29  Roach x2  
  155  8:30  Ravager  
  155  8:31  Ravager x4  
  164  8:38  Overlord x2  
  166  8:41  Roach x3  
  170  8:50  Overlord  
  170  8:51  Roach x3  
  176  8:57  Roach x5  
  176  9:00  Zerg Missile Weapons Level 2  
  168  9:11  Roach  
  168  9:14  Roach x3  
  168  9:15  Spire, Roach  
  177  9:19  Overseer  
  177  9:25  Drone x2  
  177  9:26  Roach x5  
  177  9:29  Roach  
  186  9:45  Roach x9  
  181  9:50  Roach  
  181  9:51  Roach x3  
  167  9:57  Roach x3  
  161  10:02  Drone x3  
  161  10:04  Drone x2  
  166  10:13  Ravager  
  167  10:14  Hatchery  
  167  10:18  Overseer  
  166  10:24  Overlord  
  166  10:25  Overlord  
  166  10:28  Roach x5  
  176  10:31  Mutalisk  
  176  10:32  Mutalisk  
  180  10:36  Mutalisk  
  180  10:39  Mutalisk  
  180  10:42  Mutalisk  
  186  10:44  Mutalisk  
  186  10:45  Roach  
  186  10:48  Roach  
  192  10:56  Roach x3  
  192  10:57  Roach  
  200  11:15  Roach  
  194  11:24  Roach x3  
  198  11:30  Roach x11  
  182  11:36  Roach  
  162  11:41  Roach x4  
  162  11:42  Roach  
  162  11:43  Roach  
  159  11:48  Ravager  
  159  11:49  Ravager  
  159  11:50  Ravager  
  159  11:52  Roach x2  
  164  11:54  Ravager  
  164  11:56  Roach  
  165  12:03  Queen  
  165  12:07  Roach x4  
  165  12:08  Roach  
  157  12:18  Roach x4  
  125  12:24  Roach  
  125  12:25  Roach x2  
  125  12:28  Roach x2  
  125  12:34  Roach x2  
  129  12:39  Ravager x2  
  131  12:48  Hatchery  
  131  12:50  Roach  
  131  12:58  Zergling x2  
Show
View Real Time Build Order
Export as new Build Order

Has Protoss - Winner!

Build Orders: 1 Gate Expand, Archon Immortal 

Get SALT Encoding   

  12  0:00  Probe  
  13  0:12  Probe  
  14  0:17  Pylon  
  14  0:24  Probe (Chrono Boost)  
  15  0:30  Assimilator  
  15  0:36  Probe (Chrono Boost)  
  15  0:42  Gateway  
  16  0:46  Probe (Chrono Boost)  
  17  0:54  Probe  
  18  1:06  Probe  
  19  1:18  Probe  
  20  1:23  Nexus  
  20  1:32  Cybernetics Core  
  20  1:35  Probe  
  23  1:49  Probe, Pylon  
  23  1:50  Assimilator  
  22  2:01  Probe  
  23  2:13  Adept (Chrono Boost), Probe  
  26  2:23  Stargate  
  26  2:26  Probe  
  27  2:33  Warp Gate  
  27  2:36  Adept  
  29  2:39  Probe (Chrono Boost)  
  29  2:43  Probe (Chrono Boost)  
  31  2:48  Probe (Chrono Boost)  
  33  2:52  Probe (Chrono Boost)  
  33  2:53  Probe (Chrono Boost)  
  33  2:55  Gateway  
  33  2:58  Void Ray (Chrono Boost)  
  34  3:02  Probe  
  34  3:05  Probe  
  40  3:14  Probe  
  40  3:17  Probe  
  42  3:22  Pylon  
  42  3:26  Probe  
  43  3:29  Probe  
  44  3:35  Nexus  
  44  3:38  Probe  
  45  3:41  Probe  
  45  3:47  Twilight Council  
  46  3:50  Probe  
  46  3:53  Probe  
  48  3:59  Pylon  
  48  4:02  Robotics Facility, Probe  
  49  4:06  Assimilator, Probe  
  50  4:10  Assimilator  
  50  4:15  Probe  
  51  4:18  Probe  
  51  4:21  Pylon  
  51  4:22  Adept  
  54  4:26  Dark Shrine  
  54  4:27  Probe  
  54  4:28  Forge  
  54  4:30  Probe  
  56  4:33  Charge (Chrono Boost)  
  56  4:39  Probe (Chrono Boost)  
  56  4:41  Pylon  
  56  4:43  Probe (Chrono Boost)  
  56  4:44  Pylon  
  58  4:47  Probe (Chrono Boost)  
  58  4:51  Observer, Probe (Chrono Boost)  
  62  4:54  Probe (Chrono Boost)  
  62  4:56  Probe (Chrono Boost)  
  62  4:57  Protoss Ground Weapons Level 1 (Chrono Boost)  
  62  4:58  Probe (Chrono Boost), Shield Battery  
  62  4:59  Probe (Chrono Boost)  
  64  5:01  Probe (Chrono Boost)  
  66  5:08  Photon Cannon, Probe  
  67  5:14  Probe  
  67  5:19  Probe  
  70  5:21  Probe  
  70  5:27  Probe  
  67  5:28  Pylon  
  67  5:31  Pylon  
  61  5:36  Probe  
  61  5:37  Dark Templar x2, Pylon  
  61  5:41  Shield Battery  
  62  5:45  Immortal (Chrono Boost)  
  62  5:46  Pylon  
  66  5:50  Probe  
  67  5:57  Nexus  
  67  6:03  Gateway  
  65  6:06  Twilight Council  
  65  6:18  Dark Templar x2  
  69  6:24  Warp Prism (Chrono Boost)  
  69  6:30  Gateway  
  69  6:32  Probe  
  72  6:33  Gateway  
  72  6:36  Pylon  
  72  6:38  Probe  
  72  6:45  Probe  
  73  6:50  Immortal (Chrono Boost)  
  73  6:51  Archon  
  73  6:52  Archon  
  77  6:54  Zealot x2  
  77  6:55  Pylon  
  77  6:56  Protoss Ground Weapons Level 2 (Chrono Boost)  
  77  6:59  Probe x2  
  83  7:08  Pylon  
  83  7:16  Zealot x3  
  83  7:21  Probe  
  90  7:26  Immortal (Chrono Boost)  
  90  7:28  Probe x2  
  96  7:32  Sentry x2  
  96  7:35  Pylon  
  100  7:42  Gateway, Shield Battery  
  100  7:44  Gateway  
  100  7:56  Dark Templar x3  
  100  7:57  Dark Templar  
  112  7:58  Immortal  
  112  8:00  Archon  
  112  8:01  Archon  
  112  8:04  Pylon  
  112  8:12  Blink  
  112  8:17  Zealot  
  112  8:19  Pylon  
  114  8:29  Zealot x4  
  114  8:32  Photon Cannon  
  122  8:36  Pylon  
  122  8:37  Zealot x2  
  126  8:44  Pylon  
  126  8:51  Dark Templar x4  
  126  8:52  Zealot  
  126  8:55  Archon x2  
  136  9:00  Nexus  
  136  9:01  Pylon  
  132  9:14  Protoss Ground Weapons Level 3 (Chrono Boost)  
  132  9:16  Gateway  
  132  9:18  Gateway  
  132  9:21  Probe x2  
  134  9:27  Shield Battery  
  134  9:28  Probe  
  135  9:32  Zealot x4  
  135  9:33  Zealot x3  
  149  9:44  Probe x2  
  119  9:53  Immortal (Chrono Boost)  
  119  9:54  Zealot x7  
  122  10:07  Probe  
  122  10:15  Dark Templar x2, Sentry x2  
  122  10:16  Zealot x4  
  122  10:19  Archon  
  122  10:20  Zealot  
  140  10:41  Stalker x7  
  154  10:44  Observer (Chrono Boost)  
  154  10:48  Stalker x2  
  159  10:55  Probe x3  
  159  10:56  Probe, Pylon  
  163  10:57  Assimilator  
  163  10:58  Warp Prism (Chrono Boost)  
  159  11:22  Stalker x6  
  159  11:23  Stalker x2  
  141  11:34  Stalker  
  139  11:42  Probe x2  
  139  11:43  Probe x2  
  139  11:45  Stalker x4  
  132  11:49  Stalker  
  131  11:54  Probe  
  131  11:55  Probe x2  
  131  11:58  Zealot x4  
  131  12:00  Probe  
  135  12:08  Zealot x3  
  135  12:09  Zealot  
  133  12:18  Stalker x4  
  133  12:19  Probe  
  126  12:27  Probe x3  
  125  12:33  Stalker x5, Assimilator  
  135  12:42  Stalker x2  
  139  12:45  Stalker  
  139  12:50  Stalker x2  
  145  12:54  Nexus  
Tags
 
Add a new tag
Caveats
  • Supply blocks, unpowered buildings, or Contaminate may cause inaccurate times.
  • Supply counts are checked every 10 seconds.